 Dungeon Crawl Stone Soup version 0.28-a0-1395-g4f6bc678fa (webtiles) character file.

Game seed: 15542375515420074180

6428 HallandMoats the Myrmidon (level 10, 0/77 HPs)
             Began as a Demonspawn Fighter on Jan 5, 2022.
             Was an Elder of Okawaru.
             Shot with an arrow by a centaur (5 damage)
             ... on level 9 of the Dungeon.
             The game lasted 00:19:17 (11444 turns).

HallandMoats the Myrmidon (Demonspawn Fighter)     Turns: 11444, Time: 00:19:18

Health: 0/77       AC: 23    Str: 19    XL:     10   Next: 67%
Magic:  18/18      EV: 12    Int: 10    God:    Okawaru [****..]
Gold:   321        SH:  5    Dex: 14    Spells: 9/9 levels left

rFire   . . .      SeeInvis .   b - +2 scimitar
rCold   . . .      Faith    .   c - +0 buckler
rNeg    . . .      Spirit   .   e - +0 scale mail
rPois   .          Reflect  .   (no helmet)
rElec   .          Harm     .   (no cloak)
rCorr   +          Rampage  .   (no gloves)
Will    .....                   (no boots)
Stlth   ..........              (no amulet)
HPRegen 0.22/turn               m - +4 ring of protection
MPRegen 0.16/turn               j - ring of resist corrosion

@: sanguine armoured
A: hooves 1, (demonic guardian 1), powered by death 1, sanguine armour 3
a: Renounce Religion, Heroism, Finesse


You were on level 9 of the Dungeon.
You worshipped Okawaru.
Okawaru was greatly pleased with you.
You visited 1 branch of the dungeon, and saw 9 of its levels.

You collected 321 gold pieces.

Inventory:

Hand Weapons
 a - a +2 whip of venom
 b - a +2 scimitar (weapon)
Armour
 c - a +0 buckler (worn)
 e - a +0 scale mail (worn)
Jewellery
 j - a ring of resist corrosion (right hand)
 m - a +4 ring of protection (left hand)
Wands
 y - a wand of mindburst (14)
Scrolls
 f - a scroll of immolation {unknown}
 g - 8 scrolls of identify {unknown}
 h - a scroll of torment {unknown}
 i - 3 scrolls of vulnerability {unknown}
 p - 2 scrolls of teleportation {unknown}
 s - 2 scrolls of blinking {unknown}
 u - 2 scrolls of fog {unknown}
 v - 2 scrolls of fear {unknown}
 w - 2 scrolls of enchant weapon {unknown}
 A - a scroll of silence {unknown}
 D - a scroll of summoning {unknown}
 F - a scroll of enchant armour {unknown}
Potions
 k - 2 potions of haste {unknown}
 l - 3 potions of heal wounds {unknown}
 o - a potion of cancellation {unknown}
 q - a potion of might
 t - a potion of attraction {unknown}
 z - 3 potions of ambrosia {unknown}
 B - a potion of brilliance {unknown}
 C - a potion of flight
 E - a potion of lignification {unknown}


   Skills:
 + Level 6.8 Fighting
 * Level 7.4 Maces & Flails
 + Level 6.2 Armour
 + Level 5.4 Dodging
 - Level 4.2 Shields
 * Level 11.4 Invocations


You had 9 spell levels left.
You didn't know any spells.
Your spell library contained the following spells:

 Spells                   Type           Power      Damage    Failure   Level
 Foxfire                  Conj/Fire      0%         2x1d4     71%         1
 Conjure Flame            Conj/Fire      0%         6-21      97%         3
 Inner Flame              Hex/Fire       0%         N/A       97%         3
 Cause Fear               Hex            0%         N/A       100%        4
 Flame Wave               Conj/Fire      0%         2d4       100%        4
 Hailstorm                Conj/Ice       0%         3d3       100%        4
 Ice Form                 Ice/Tmut       0%         N/A       100%        4
 Discord                  Hex            0%         N/A       100%        8
 Simulacrum               Ice/Necr       Unusable   N/A       N/A         6

Dungeon Overview and Level Annotations

Branches:
Dungeon (9/15)             Temple (0/1) D:4
   Lair: D:8-11         Orc: D:9-12

Altars:
Cheibriados
Dithmenos
Elyvilon
Gozag
Hepliaklqana
Kikubaaqudgha
Makhleb
Okawaru
Qazlal
Trog
Uskayaw

Shops:
D:5 :


Innate Abilities, Weirdness & Mutations

You have large cloven feet.
((A weak demonic guardian rushes to your aid.))
You regenerate a little health from kills.
When seriously injured, your blood forms very thick armour. (AC +12)


Message History

The arrow barely misses you. The wight hits you but does no damage.
The centaur shoots an arrow.
The arrow hits you.
* * * LOW HITPOINT WARNING * * *
The arrow freezes you.
* * * LOW HITPOINT WARNING * * *
Things that are here:
a +0 dagger; a +0 robe; an orc corpse The centaur shoots an arrow.
You block the arrow.
The centaur shoots an arrow.
The arrow hits you.
* * * LOW HITPOINT WARNING * * *
The arrow freezes you.
* * * LOW HITPOINT WARNING * * *
The centaur shoots an arrow.
The arrow hits you!
* * * LOW HITPOINT WARNING * * *
The arrow freezes you.
* * * LOW HITPOINT WARNING * * *
The centaur shoots an arrow.
The arrow hits you but does no damage.
The centaur shoots an arrow.
The arrow hits you but does no damage.
You feel better.
The centaur shoots an arrow.
You block the arrow. The wight hits you but does no damage.
Okay, then.
The centaur shoots an arrow.
You block the arrow.
The centaur shoots an arrow.
You block the arrow.
The centaur shoots an arrow.
The arrow hits you but does no damage.
The centaur shoots an arrow.
The arrow hits you.
* * * LOW HITPOINT WARNING * * *
The arrow freezes you.
* * * LOW HITPOINT WARNING * * *
The centaur shoots an arrow.
The arrow barely misses you.
The centaur shoots an arrow.
The arrow hits you but does no damage.
The centaur shoots an arrow.
The arrow hits you.
* * * LOW HITPOINT WARNING * * *
The arrow freezes you.
* * * LOW HITPOINT WARNING * * *
Things that are here:
a +0 spear; a gnoll skeleton
There is a stone staircase leading up here.
The centaur shoots an arrow.
The arrow hits you.
You die...

#####################
........@..##.#..... #
........z)..#.#...## .#
.......)..)......#.##..#
........).c.....#...#..#
.......................+
....................#..#
...≈≈≈.....)...........#
...≈≈≈....[.[..........#
...≈≈≈....())..≈≈≈.....#


You could see a centaur and a wight.

Vanquished Creatures
  A two-headed ogre (D:8)
  Pikel (D:4)
  A cyclops (D:8)
  Sigmund (D:4)
  Eustachio (D:6)
  6 yaks (D:7)
  A steam dragon (D:7)
  A water moccasin (D:8)
  An ice beast (D:7)
  3 orc warriors
  A necrophage (D:3)
  An ogre (D:6)
  3 centaurs
  A phantom (D:4)
  3 kobold brigands
  3 bullfrogs (D:7)
  4 gnoll sergeants
  A scorpion (D:4)
  A water moccasin zombie (D:6)
  2 water moccasin skeletons
  10 killer bees
  3 wights
  3 vampire bats (D:7)
  A howler monkey (D:6)
  2 hounds
  A bullfrog zombie (D:5)
  A centaur skeleton (D:5)
  3 centaur zombies
  An orc priest (D:9)
  A jelly (D:6)
  2 bullfrog skeletons (D:6)
  8 orc wizards
  Terence (D:2)
  2 iguanas (D:6)
  Natasha (thrice) (D:2)
  A hound skeleton (D:4)
  2 mummies
  21 gnolls
  3 adders
  3 shadow imps
  An ufetubus (D:6)
  2 dart slugs
  31 orcs
  4 ball pythons
  4 bat skeletons (D:7)
  A bat zombie (D:7)
  9 endoplasms
  A giant cockroach (D:4)
  6 hobgoblins
  8 jackals
  2 quokkas
  4 bats
  6 frilled lizards
  4 goblins
  A goblin zombie (D:7)
  8 kobolds
  An orc zombie (D:7)
  9 rats
  A spectral hobgoblin (D:2)
212 creatures vanquished.

Vanquished Creatures (collateral kills)
  An orc (D:3)
1 creature vanquished.

Grand Total: 213 creatures vanquished

Notes
Turn   | Place    | Note
-------+----------+-------------------------------------------
     0 | D:1      | HallandMoats the Demonspawn Fighter began the quest for the
                  | Orb.
     0 | D:1      | Reached XP level 1. HP: 18/18 MP: 1/1
   119 | D:1      | Reached skill level 1 in Invocations
   129 | D:1      | Gained mutation: When seriously injured, your blood forms
                  | armour. (AC +12) [demonic ancestry]
   129 | D:1      | Reached XP level 2. HP: 24/24 MP: 2/2
   584 | D:1      | Reached skill level 2 in Invocations
   788 | D:2      | Gained mutation: You regenerate a little health from kills.
                  | [demonic ancestry]
   788 | D:2      | Reached XP level 3. HP: 26/29 MP: 4/4
   911 | D:2      | Noticed Terence
   931 | D:2      | Killed Terence
  1178 | D:2      | Noticed Natasha
  1192 | D:2      | Found a bloodstained altar of Trog.
  1193 | D:2      | Killed Natasha
  1194 | D:2      | Reached skill level 1 in Dodging
  1194 | D:2      | Reached XP level 4. HP: 16/35 MP: 4/6
  1417 | D:2      | Reached skill level 3 in Invocations
  1590 | D:2      | Found a faded altar of an unknown god.
  1832 | D:2      | Noticed Natasha
  1840 | D:2      | Killed Natasha
  2205 | D:2      | Noticed Natasha
  2212 | D:2      | Killed Natasha
  2213 | D:2      | Gained mutation: A weak demonic guardian rushes to your
                  | aid. [demonic ancestry]
  2213 | D:2      | Reached XP level 5. HP: 29/41 MP: 7/7
  2310 | D:3      | Noticed a necrophage
  2339 | D:3      | Killed a necrophage
  2340 | D:3      | Reached skill level 4 in Invocations
  2635 | D:3      | Gained mutation: When seriously injured, your blood forms
                  | thick armour. (AC +12) [demonic ancestry]
  2635 | D:3      | Reached XP level 6. HP: 46/48 MP: 9/9
  3029 | D:3      | Found an iron altar of Okawaru.
  3050 | D:3      | Became a worshipper of Warmaster Okawaru
  3339 | D:3      | Found a burning altar of Makhleb.
  3570 | D:4      | Noticed Sigmund
  3602 | D:4      | Killed Sigmund
  3603 | D:4      | Reached skill level 5 in Invocations
  3633 | D:4      | Found a staircase to the Ecumenical Temple.
  3830 | D:4      | Gained mutation: You have large cloven feet. [demonic
                  | ancestry]
  3830 | D:4      | Reached XP level 7. HP: 39/54 MP: 10/10
  3943 | D:4      | Noticed Pikel
  3992 | D:4      | Killed Pikel
  3992 | D:4      | Reached * piety under Okawaru
  3993 | D:4      | Reached skill level 6 in Invocations
  3993 | D:4      | Gained mutation: When seriously injured, your blood forms
                  | very thick armour. (AC +12) [demonic ancestry]
  3993 | D:4      | Reached XP level 8. HP: 25/61 MP: 10/12
  4226 | D:4      | Found a large runed translucent door.
  4227 | D:4      | Found a large runed translucent door.
  4736 | D:4      | Found a hazy altar of Hepliaklqana.
  4881 | D:5      | Entered Level 5 of the Dungeon
  4903 | D:4      | Reached ** piety under Okawaru
  5295 | D:4      | Reached skill level 7 in Invocations
  5896 | D:5      | Found a shadowy altar of Dithmenos.
  6016 | D:5      | Found a stormy altar of Qazlal.
  6067 | D:5      | Found Dukuiqow's Book Shop.
  6265 | D:6      | Reached skill level 5 in Fighting
  6695 | D:6      | Noticed Eustachio
  6718 | D:6      | Killed Eustachio
  6719 | D:6      | Reached skill level 8 in Invocations
  6928 | D:6      | Found a snail-covered altar of Cheibriados.
  7190 | D:7      | Reached XP level 9. HP: 56/68 MP: 15/15
  7262 | D:7      | Reached skill level 5 in Maces & Flails
  7353 | D:7      | Reached skill level 5 in Armour
  7375 | D:7      | Reached skill level 9 in Invocations
  7381 | D:7      | Reached *** piety under Okawaru
  8051 | D:7      | Found an ancient bone altar of Kikubaaqudgha.
  8186 | D:7      | Reached skill level 10 in Invocations
  8916 | D:8      | Reached XP level 10. HP: 52/76 MP: 17/17
  9052 | D:8      | Found a hide-covered altar of Uskayaw.
  9475 | D:8      | Noticed a two-headed ogre
  9492 | D:8      | HP: 2/76 [two-headed ogre (12)]
  9496 | D:8      | Killed a two-headed ogre
  9496 | D:8      | Reached **** piety under Okawaru
  9497 | D:8      | Reached skill level 5 in Dodging
 10032 | D:8      | Noticed a cyclops
 10049 | D:8      | Killed a cyclops
 10050 | D:8      | Reached skill level 11 in Invocations
 10173 | D:8      | Found an opulent altar of Gozag.
 10724 | D:8      | Found a bloodstained altar of Trog.
 11419 | D:9      | HP: 2/77 [centaur/arrow (2)]
 11444 | D:9      | Shot with an arrow by a centaur

Illustrated notes

Levels and vault maps discovered:
D:1:      dpeg_arrival_arbitrary_b, layout_basic
D:2:      layout_basic, dreamdust_ecumenical_altar_drowned_temple, basic_altar,
          minmay_lizard_pond, uniq_terence, uniq_natasha
D:3:      layout_basic, general_overflow_altar, okawaru_gym_becter
D:4:      layout_basic, jmf_multi_god_temple2, minmay_temple_entry_mist,
          uniq_pikel, uniq_sigmund
D:5:      layout_basic, lemuel_tele_altar, grunt_dithmenos_shadows,
          serial_shops, nicolae_shop_behind_doors
D:6:      layout_basic, chei_slow_surprise, uniq_eustachio
D:7:      layout_basic, kennysheep_vampire_church, nicolae_ossuary_entry_giza
D:8:      layout_loops_ring, trog_antimagical, mainiacjoe_overflow_alcove_1,
          mainiacjoe_overflow_tiny_flanked, kennysheep_just_a_vault
D:9:      layout_big_octagon, serial_park_tiny_2, minmay_door_square,
          minmay_increasing_density

Skill      XL: |  1  2  3  4  5  6  7  8  9 10 |
---------------+-------------------------------+-----
Invocations    | 1 2 3 4 5 6 8 10 11 | 11.4
Maces & Flails | 2 3 4 6 7 |  7.4
Armour         | 3 4 5 6 |  6.2
Dodging        | 1 2 3 4 5 |  5.4
Shields        | 3 4 |  4.2
Fighting       | 4 5 6 |  6.8

Action                   |  1- 3 |  4- 6 |  7- 9 | 10-12 || total
-------------------------+-------+-------+-------+-------++-------
Melee: Dagger            |    72 |   197 |    42 |       ||   311
       Flail             |     5 |     6 |       |       ||    11
       Kick              |       |       |   142 |   116 ||   258
       Whip              |       |       |   306 |   314 ||   620
       Scimitar          |       |       |       |    10 ||    10
  Use: Potion            |       |     1 |     2 |     5 ||     8
 Stab: Invisible         |       |       |       |     1 ||     1
Armor: Scale mail        |    28 |    72 |   123 |   160 ||   383
Dodge: Dodged            |    30 |    77 |   157 |   186 ||   450
Block: Buckler           |    19 |    34 |    69 |    88 ||   210

Table legend: (Time is in decaauts)
 A = Elapsed time spent in this place.
 B = Non-inter-level travel time spent in this place.
 C = Inter-level travel time spent in this place.
 D = Time resting spent in this place.
 E = Time spent auto-exploring this place.
 F = Levels seen in this place.
 G = Mean time per level.
                   A        B        C        D        E       F      G
               +--------+--------+--------+--------+--------+-----+--------+
         Total |  11371 |  11092 |    279 |   2501 |   6619 |   9 | 1263.4 |
       Dungeon |  11371 |  11092 |    279 |   2501 |   6619 |   9 | 1263.4 |
               +--------+--------+--------+--------+--------+-----+--------+

Top non-repeatable levels by time:
     D:4: 2027 daAuts
     D:8: 1905 daAuts
     D:7: 1854 daAuts
     D:2: 1648 daAuts
     D:3: 1223 daAuts
     D:6: 976 daAuts
     D:1: 728 daAuts
     D:5: 607 daAuts
     D:9: 400 daAuts
